 Dungeon Crawl Stone Soup version 0.30-a0-996-ga6910c8ee8 (webtiles) character file.

Game seed: 7815093038337098376

1355 DeathPants the Shield-Bearer (level 8, -2/44 HPs)
             Began as a Vine Stalker Fighter on Apr 4, 2023.
             Slain by a gnoll
             ... wielding a +0 halberd
              (3 damage)
             ... on level 7 of the Dungeon.
             The game lasted 00:15:46 (3956 turns).

DeathPants the Shield-Bearer (Vine Stalker Fighter) Turns: 3956, Time: 00:15:47

Health: -2/44      AC: 11    Str: 26    XL:     8   Next: 63%
Magic:  0/9        EV:  9    Int: 10    God:
Gold:   1273       SH:  6    Dex: 19    Spells: 7/7 levels left

rFire   . . .      SeeInvis .    a - +1 war axe
rCold   . . .      Faith    .    c - +0 buckler
rNeg    . . .      Spirit   +    b - +0 scale mail
rPois   .          Reflect  .    q - +1 helmet
rElec   .          Rampage  .    B - +1 cloak
rCorr   .                        (no gloves)
Will    +....                    e - +0 pair of boots Stlth
                                 (no amulet)
HPRegen 1.07/turn                j - +6 ring of dexterity
MPRegen 0.11/turn                n - +6 ring of strength

@: mighty
A: fangs 3, regeneration 1, magic shield, antimagic bite, no potion heal 2
a: no special abilities


You were on level 7 of the Dungeon.
You visited 2 branches of the dungeon, and saw 8 of its levels.
You also visited: Sewer and Ossuary.

You collected 1453 gold pieces.
You spent 180 gold pieces at shops.

Inventory:

Hand Weapons
 a - a +1 war axe (weapon)
 y - a +2 dagger of venom
Missiles
 g - 5 atropa-tipped darts
 r - 35 poisoned darts (quivered)
 D - 4 curare-tipped darts
Armour
 b - a +0 scale mail (worn)
 c - a +0 buckler (worn)
 e - a +0 pair of boots (worn)
 q - a +1 helmet (worn)
 B - a +1 cloak (worn)
Jewellery
 j - a +6 ring of dexterity (left hand)
 l - a +6 ring of intelligence
 n - a +6 ring of strength (right hand)
Scrolls
 h - 6 scrolls of teleportation
 o - 2 scrolls of vulnerability
 p - 4 scrolls of blinking
 z - 2 scrolls of fog
Potions
 d - 2 potions of might
 f - 2 potions of attraction
 i - a potion of resistance
 k - 2 potions of flight {unknown}
 m - 2 potions of curing {unknown}
 s - 2 potions of brilliance {unknown}
 t - a potion of haste {unknown}
 u - 3 potions of magic {unknown}
 v - 2 potions of invisibility {unknown}
 w - 7 potions of mutation {unknown}
 x - 2 potions of cancellation {unknown}
 A - 4 potions of degeneration {unknown}
 C - 2 potions of heal wounds {unknown}
 G - 3 potions of lignification {unknown}


   Skills:
 + Level 6.0 Fighting
 * Level 5.6 Axes
 - Level 2.4 Armour
 + Level 6.0 Shields


You had 7 spell levels left.
You didn't know any spells.
Your spell library contained the following spells:

 Spells                   Type           Power      Damage    Failure   Level
 Beastly Appendage        Tmut           0%         N/A       73%         1
 Wereblood                Tmut           0%         N/A       86%         2
 Spider Form              Tmut/Pois      0%         N/A       97%         3
 Summon Guardian Golem    Hex/Summ       0%         N/A       97%         3
 Animate Dead             Necr           0%         N/A       100%        4
 Borgnjor's Vile Clutch   Necr/Erth      0%         N/A       100%        5
 Fireball                 Conj/Fire      0%         3d3       100%        5
 Iskenderun's Battlesphe  Conj           0%         2d6       100%        5
 Conjure Ball Lightning   Conj/Air       0%         3x3d6     100%        6
 Death Channel            Necr           0%         N/A       100%        6
 Orb of Destruction       Conj           0%         9d5       100%        7
 Spellforged Servitor     Conj/Summ      0%         N/A       100%        7
 Discord                  Hex            0%         N/A       100%        8
 Disjunction              Tloc           0%         N/A       100%        8


Dungeon Overview and Level Annotations

Branches:
Dungeon (7/15)             Temple (1/1) D:5           Sewer (visited)
Ossuary (visited)

Altars:
Ashenzari
Cheibriados
Dithmenos
Hepliaklqana
Kikubaaqudgha
Makhleb
Nemelex Xobeh
Okawaru
Qazlal
Ru
Sif Muna
Trog
Uskayaw
Vehumet
Wu Jian
Xom

Shops:
D:4 [

Annotations:
D:7 Maggie


Innate Abilities, Weirdness & Mutations

You have razor-sharp teeth.
Your natural rate of healing is unusually fast.
When hurt, damage is shared between your health and your magic reserves.
Your bite disrupts and absorbs the magic of your enemies.
Potions cannot restore your health.


Message History

Maggie casts a spell.
Maggie attempts to bespell you!
You easily resist.
You barely miss Maggie. Your bite misses Maggie. You slash the gnoll!
You kill the gnoll!
The gnoll hits you but does no damage.
Maggie zaps a wand.
Your mind is blasted!
You hit Maggie. You bite Maggie, but do no damage.
Maggie is lightly wounded.
The gnoll barely misses you.
Maggie mumbles some strange words.
Maggie attempts to bespell you! You resist with some effort.
You hit Maggie.
Maggie is lightly wounded.
Maggie hits you with a +2 heavy long sword!
The gnoll hits you from afar with a +0 halberd.
You block the gnoll's attack.
You closely miss Maggie.
Maggie is lightly wounded.
Maggie gestures wildly while chanting.
Maggie attempts to bespell you! You resist with almost no effort.
The gnoll hits you from afar with a +0 halberd.
You slash Maggie! You bite Maggie!
Maggie's magic leaks into the air.
You drain her magic.
You feel invigorated.
Maggie is moderately wounded.
Maggie barely misses you.
The gnoll hits you from afar with a +0 halberd!
* * * LOW HITPOINT WARNING * * *
You hit Maggie. Your bite misses Maggie.
Maggie is moderately wounded.
The gnoll hits you from afar with a +0 halberd.
* * * LOW HITPOINT WARNING * * *
Maggie zaps a wand.
Your mind is blasted!
You feel very mighty all of a sudden. You block the gnoll's attack.
Maggie falters for a moment.
You slice Maggie!!
Maggie is severely wounded.
Maggie hits you with a +2 heavy long sword!
* * * LOW HITPOINT WARNING * * *
The gnoll hits you from afar with a +0 halberd.
You die...

#### #.. #.# #
##<## #
#..#...## .##
#......)#g..###
#.....)@@.....#
#...^^..).....#
#.≈#≈.........#
#.§§_#^...#..##
../≈§.≈.#.###...
#.#§≈...#.. ##
...§.....#.
##..... ##


You could see Maggie (magic disrupted) and a gnoll.

Vanquished Creatures
  Eustachio (D:4)
  A water moccasin (D:3)
  A sky beast (D:6)
  A black bear (D:6)
  2 phantoms (D:5)
  2 kobold brigands (Sewer)
  A scorpion (D:5)
  A howler monkey (D:5)
  An orc priest (D:4)
  A jelly (D:5)
  3 iguanas
  An orc wizard (D:4)
  2 sleepcaps
  8 mummies (Ossuary)
  3 gnolls (D:7)
  7 adders
  A river rat (D:3)
  A white imp (D:7)
  2 worms (D:5)
  2 dart slugs
  3 orcs (D:4)
  9 bats
  4 endoplasms
  8 giant cockroaches
  3 gnoll zombies (Ossuary)
  5 goblins
  7 hobgoblins
  3 jackals (D:4)
  8 quokkas
  10 ball pythons
  3 frilled lizards
  A hobgoblin zombie (Ossuary)
  15 kobolds
  2 kobold zombies (Ossuary)
  2 orc zombies (Ossuary)
  11 rats
136 creatures vanquished.

Vanquished Creatures (others)
  A fungus (Sewer)
  5 plants
6 creatures vanquished.

Grand Total: 142 creatures vanquished

Notes
Turn   | Place    | Note
-------+----------+-------------------------------------------
     0 | D:1      | DeathPants the Vine Stalker Fighter began the quest for the
                  | Orb.
     0 | D:1      | Reached XP level 1. HP: 11/11 MP: 2/2
   173 | D:1      | Reached XP level 2. HP: 16/16 MP: 3/3
   557 | D:1      | Reached XP level 3. HP: 20/20 MP: 2/4
   922 | D:2      | Identified the +0 leather armour of Dogma {rCorr Dex+2}
  1014 | D:3      | Gained mutation: Your natural rate of healing is unusually
                  | fast. [Vine Stalker growth]
  1014 | D:3      | Reached XP level 4. HP: 15/24 MP: 3/5
  1043 | D:3      | Found a glowing drain.
  1053 | Sewer    | Entered a sewer
  1128 | Sewer    | Noticed a kobold brigand
  1133 | Sewer    | Killed a kobold brigand
  1134 | Sewer    | Reached XP level 5. HP: 24/29 MP: 6/6
  1266 | Sewer    | Noticed a kobold brigand
  1282 | Sewer    | Killed a kobold brigand
  1283 | Sewer    | Reached XP level 6. HP: 9/33 MP: 2/7
  1589 | D:3      | Noticed a water moccasin
  1805 | D:3      | Found a faded altar of an unknown god.
  1847 | D:3      | Killed a water moccasin
  1965 | D:3      | Found a faded altar of an unknown god.
  2060 | D:4      | Found a sacrificial altar of Ru.
  2099 | D:4      | Found Mieryeb's Antique Armour Emporium.
  2147 | D:5      | Entered Level 5 of the Dungeon
  2156 | D:5      | Reached XP level 7. HP: 37/38 MP: 8/8
  2189 | D:5      | Found a staircase to the Ecumenical Temple.
  2198 | Temple   | Entered the Ecumenical Temple
  2285 | D:5      | Reached skill level 5 in Fighting
  2285 | D:5      | Reached skill level 5 in Shields
  2564 | D:5      | Found a sand-covered staircase.
  2575 | Ossuary  | Entered an ossuary
  2971 | D:4      | Noticed Eustachio
  2986 | D:4      | Killed Eustachio
  2987 | D:4      | Reached skill level 5 in Axes
  2987 | D:4      | Gained mutation: You have razor-sharp teeth. [Vine Stalker
                  | growth]
  2987 | D:4      | Reached XP level 8. HP: 44/44 MP: 9/9
  3001 | D:4      | You fall into a shaft and drop 2 floors!
  3191 | D:4      | Found a shimmering blue altar of Sif Muna.
  3271 | D:3      | Found a shadowy altar of Dithmenos.
  3363 | D:4      | Found a snail-covered altar of Cheibriados.
  3371 | D:4      | Found an iron altar of Okawaru.
  3758 | D:5      | Identified a scroll of acquirement
  3758 | D:5      | Acquired 935 gold pieces
  3815 | D:4      | Bought a shiny helmet for 180 gold pieces
  3937 | D:7      | Found a stormy altar of Qazlal.
  3942 | D:7      | Noticed Maggie
  3956 | D:7      | HP: 1/44 [Maggie/+2 heavy long sword (9)]
  3956 | D:7      | Slain by a gnoll

Illustrated notes

Levels and vault maps discovered:
D:1:      lightli_molten_gateway, layout_loops_cross, serial_bayou_crossing
D:2:      layout_rooms, serial_curves, eino_curves_04, eino_curves_01
D:3:      layout_rooms, nicolae_overflow_ecumenical_swirl,
          hellmonk_ecumenical_altar_arch_garden, gup_sewer_entry_bubbles
D:4:      layout_basic, mainiacjoe_overflow_alcove_1,
          gammafunk_temple_overflow_forgotten, serial_shops,
          kennysheep_mini_moat, uniq_eustachio
D:5:      layout_cave_pools, minmay_temple_entry_tees, enter_ossuary_3
D:6:      minmay_cornered_nines, layout_basic, grunt_gozag_statues
D:7:      layout_loops_ring, grunt_temple_overflow_forces_of_nature,
          uniq_joseph, uniq_maggie
Temple:   zaba_magenta_temple

Skill      XL: |  1  2  3  4  5  6  7  8 |
---------------+-------------------------+-----
Axes           | 2 3 4 5 |  5.6
Shields        | 3 4 5 6 |  6.0
Fighting       | 3 4 5 6 |  6.0
Armour         | |  2.4

Action                     |  1- 3 |  4- 6 |  7- 9 || total
---------------------------+-------+-------+-------++-------
  Melee: War axe           |    81 |   101 |   130 ||   312
         Bite              |    21 |    19 |    35 ||    75
  Throw: Dart              |       |       |     3 ||     3
    Use: Scroll            |       |     9 |     6 ||    15
         Potion            |       |       |     1 ||     1
 Armour: Scale mail        |    38 |    68 |    79 ||   185
  Dodge: Dodged            |    41 |    55 |    59 ||   155
  Block: Buckler           |    22 |    30 |    40 ||    92

Table legend: (Time is in decaauts)
 A = Elapsed time spent in this place.
 B = Non-inter-level travel time spent in this place.
 C = Inter-level travel time spent in this place.
 D = Time resting spent in this place.
 E = Time spent auto-exploring this place.
 F = Levels seen in this place.
 G = Mean time per level.
                   A        B        C        D        E       F      G
               +--------+--------+--------+--------+--------+-----+--------+
         Total |   4131 |   3854 |    277 |    100 |   2316 |  10 |  413.1 |
       Dungeon |   3491 |   3232 |    259 |    100 |   1963 |   7 |  498.7 |
        Temple |     73 |     55 |     18 |      0 |     50 |   1 |   73.0 |
         Sewer |    318 |    318 |      0 |      0 |    150 |   1 |  318.0 |
       Ossuary |    247 |    247 |      0 |      0 |    152 |   1 |  247.0 |
               +--------+--------+--------+--------+--------+-----+--------+

Top non-repeatable levels by time:
     D:4: 925 daAuts
     D:1: 788 daAuts
     D:5: 560 daAuts
     D:2: 536 daAuts
     D:3: 527 daAuts
   Sewer: 318 daAuts
 Ossuary: 247 daAuts
     D:6: 132 daAuts
  Temple: 73 daAuts
     D:7: 21 daAuts
